 Dungeon Crawl Stone Soup version 0.30.0-11-gf55b779eaf (webtiles) character file.

Game seed: 5865117340770731569

2351 RascalDebosk the Trooper (level 9, -4/68 HPs)
             Began as a Djinni Conjurer on May 16, 2023.
             Was an Initiate of Ashenzari.
             Slain by Maggie
             ... wielding the +9 lance "Wyrmbane" {slay drac, rPois rF+ rC+ AC+3}
              (16 damage)
             ... on level 8 of the Dungeon.
             The game lasted 00:46:14 (7688 turns).

RascalDebosk the Trooper (Djinni Conjurer)          Turns: 7688, Time: 00:46:14

Health: -4/68      AC:  5    Str:  6    XL:     9   Next: 71%
Gold:   270        EV: 12    Int: 24    God:    Ashenzari [......] SH:  0 Dex: 12

rFire   + + .        s - +3 dagger
rCold   x . .        (no shield)
rNeg    . . .        a - +0 robe
rPois   ∞            (no helmet)
rElec   .            (no cloak)
rCorr   .            b - +2 pair of gloves
SInv    .            (boots unavailable)
Will    .....        (no amulet)
Stlth   ++           u - ring of wizardry
HPRegen 0.31/turn    (no ring)
MPRegen 0.00/turn

%: wizardry (x1), infuse magic (-5 HP)
@: flying, mesmerised
A: sickness immunity, fire resistance 2, cold vulnerability 1, float, innate
caster, HP casting, extra vitality 1
a: Renounce Religion


You were on level 8 of the Dungeon.
You worshipped Ashenzari.
Ashenzari was noncommittal.
You visited 2 branches of the dungeon, and saw 9 of its levels.

You collected 380 gold pieces.
You spent 110 gold pieces at shops.

Inventory:

Hand Weapons
 s - a +3 dagger (weapon)
 z - a +4 short sword
Armour
 a - a +0 robe (worn)
 b - a +2 pair of gloves (worn)
Jewellery
 u - a ring of wizardry (left hand)
Wands
 m - a wand of digging (3)
 n - a wand of mindburst (14)
Scrolls
 c - a scroll of poison
 i - a scroll of identify
 j - a scroll of immolation
 k - a scroll of fear {unknown}
 o - a scroll of noise {unknown}
 q - a scroll of amnesia {unknown}
 t - 3 scrolls of teleportation
 v - a scroll of vulnerability {unknown}
 w - 3 scrolls of enchant weapon
 y - 2 scrolls of fog {unknown}
Potions
 d - 3 potions of degeneration
 e - 2 potions of ambrosia
 f - 4 potions of curing
 g - a potion of mutation
 h - 3 potions of cancellation
 l - 5 potions of flight
 p - 3 potions of might
 r - a potion of lignification
 x - a potion of heal wounds
 A - a potion of haste


   Skills:
 * Level 7.2 Fighting
 + Level 3.6 Short Blades
 - Level 2.1 Dodging
 - Level 1.5 Stealth
 * Level 6.9 Spellcasting
 + Level 3.9 Evocations


You knew the following spells:

 Your Spells              Type           Power      Damage    Failure   Level
a - Magic Dart            Conj           100%       1d8       1%          1
b - Searing Ray           Conj           82%        2d7       1%          2
c - Dazzling Flash        Conj/Hex       82%        N/A       1%          3
d - Fulminant Prism       Conj/Hex       20%        3d12      1%          4
e - Iskenderun's Mystic   Conj/Tloc      41%        2d9       1%          4
f - Apportation           Tloc           82%        N/A       1%          1
g - Blink                 Tloc           82%        N/A       1%          2
h - Momentum Strike       Conj/Tloc      82%        3d10      1%          2
i - Spider Form           Tmut/Pois      41%        N/A       1%          3
Your spell library was empty.

Dungeon Overview and Level Annotations

Branches:
Dungeon (8/15)             Temple (1/1) D:6
   Lair: D:8-11

Altars:
Ashenzari
Cheibriados
Elyvilon
Fedhas
Gozag
Makhleb
Nemelex Xobeh
Okawaru
Qazlal
Ru
Uskayaw
Wu Jian
Xom
Yredelemnul
Zin
The Shining One

Shops:
D:3 !

Annotations:
D:6 2 runed translucent doors, browni3141's ghost, amateur OgDe
D:8 Maggie


Innate Abilities, Weirdness & Mutations

You are immune to sickness and miasma.
You are immune to poison.
Your flesh is very heat resistant. (rF++)
You are vulnerable to cold. (rC-)
You float through the air rather than walking.
You learn spells naturally, not from books.
Your magical power is your life essence.
You have superior vitality. (+4 MHP)


Message History

Press: ? - help, Shift-Dir - straight line, f - Maggie
Aim: Maggie, wielding the +9 lance "Wyrmbane" {slay drac, rPois rF+ rC+ AC+3} and wearing +0 swamp dragon scales (moderately wounded, mesmerising, blind, 84% to hit)
The searing ray hits Maggie!
Maggie is heavily wounded. (Press . to maintain the ray.)
Casting: Searing Ray (safe; 1% risk of failure)
Confirm with . or Enter, or press ? or * to list all spells.
You erupt in a blast of force!
The mystic blast hits Maggie.
Maggie is heavily wounded.
Maggie is knocked back by the mystic blast.
Maggie is no longer blind.
Casting: Iskenderun's Mystic Blast (dangerous; 1% risk of failure)
Confirm with . or Enter, or press ? or * to list all spells.
Aiming: Fulminant Prism (dangerous; 1% risk of failure)
Press: ? - help, Dir - move target, p - Maggie You conjure a prism of explosive energy!
* * * LOW HITPOINT WARNING * * *
A fulminant prism comes into view.
Maggie hits your fulminant prism with the +9 lance "Wyrmbane" {slay drac, rPois rF+ rC+ AC+3}!
Your fulminant prism crackles loudly.
You break out of your daze.
Maggie hits your fulminant prism with the +9 lance "Wyrmbane" {slay drac, rPois rF+ rC+ AC+3}!
Your fulminant prism explodes!
The blast of energy engulfs Maggie but does no damage.
Maggie is heavily wounded.
You hear a shout!
You hear a howl!
Casting: Fulminant Prism (dangerous; 1% risk of failure)
Confirm with . or Enter, or press ? or * to list all spells.
Aiming: Searing Ray (safe; 1% risk of failure)
Press: ? - help, Shift-Dir - straight line, f - Maggie
Aim: Maggie, wielding the +9 lance "Wyrmbane" {slay drac, rPois rF+ rC+ AC+3} and wearing +0 swamp dragon scales (heavily wounded, 84% to hit)
The searing ray hits Maggie.
Maggie is heavily wounded. (Press . to maintain the ray.)
* * * LOW HITPOINT WARNING * * *
A centaur comes into view.
The searing ray hits Maggie but does no damage.
Maggie is heavily wounded.
* * * LOW HITPOINT WARNING * * *
The centaur wields a +2 shortbow of freezing.
It is covered in frost.
The centaur shoots an arrow.
The arrow completely misses you. Maggie casts a spell at you.
The bolt of fire hits you! You resist.
* * * LOW HITPOINT WARNING * * *
Maggie casts a spell.
Maggie attempts to bespell you!
You are mesmerised by Maggie!
Casting: Searing Ray (safe; 1% risk of failure)
Confirm with . or Enter, or press ? or * to list all spells.
Aiming: Fulminant Prism (dangerous; 1% risk of failure)
Press: ? - help, Dir - move target, p - Maggie You conjure a prism of explosive energy!
* * * LOW HITPOINT WARNING * * *
A fulminant prism comes into view.
Maggie points at you and mumbles some strange words.
The bolt of fire hits you. You resist.
* * * LOW HITPOINT WARNING * * *
You cannot move away from Maggie!
You cannot move away from Maggie!
You feel better.
Your fulminant prism crackles loudly.
Your fulminant prism explodes!
The blast of energy engulfs Maggie!
Maggie is severely wounded.
The blast of energy engulfs the centaur!!
You kill the centaur!
The blast of energy engulfs you.
* * * LOW HITPOINT WARNING * * *
You hear an angry hiss.
You hear a howl!
You hear a shout!
You hear a bellow!
You hear a shout! x2
Casting: Fulminant Prism (dangerous; 1% risk of failure)
Confirm with . or Enter, or press ? or * to list all spells.
You erupt in a blast of force!
The mystic blast hits Maggie.
Maggie is almost dead.
Maggie is knocked back by the mystic blast.
* * * LOW HITPOINT WARNING * * *
You cannot move away from Maggie!
Casting: Iskenderun's Mystic Blast (dangerous; 1% risk of failure)
Confirm with . or Enter, or press ? or * to list all spells.
Aiming: Fulminant Prism (dangerous; 1% risk of failure)
Press: ? - help, Dir - move target You conjure a prism of explosive energy!
* * * LOW HITPOINT WARNING * * *
A fulminant prism comes into view.
Casting: Fulminant Prism (dangerous; 1% risk of failure)
Confirm with . or Enter, or press ? or * to list all spells.
Aiming: Searing Ray (safe; 1% risk of failure)
Press: ? - help, Shift-Dir - straight line, f - Maggie
Aim: Maggie, wielding the +9 lance "Wyrmbane" {slay drac, rPois rF+ rC+ AC+3} and wearing +0 swamp dragon scales (almost dead, mesmerising, ally target, 84% to hit)
The searing ray hits Maggie.
Maggie is almost dead. (Press . to maintain the ray.)
* * * LOW HITPOINT WARNING * * *
Your fulminant prism crackles loudly.
The searing ray hits Maggie but does no damage.
Maggie is almost dead.
* * * LOW HITPOINT WARNING * * *
Maggie hits you from afar with the +9 lance "Wyrmbane" {slay drac, rPois rF+ rC+ AC+3}!
You die...

#.......#
#................#
#.......#
#.####.#.####....#
#...(...###...##.#...
....#
#..........##....#...#
....#
#....<..##.#######...#
....#
##########............
#...
#####.<######.####
#......# .# #.####@#
#.####.# #.....@#
#....*.# #.........#
#.........'...
#.#####...#..c #+
....... ..>.c.


You could see Maggie (mesmerising, ally target) and a friendly fulminant prism.

Vanquished Creatures
  A steam dragon (D:8)
  A water moccasin (D:7)
  3 ice beasts (D:8)
  2 orc warriors (D:7)
  4 black bears
  2 ogres
  A sky beast (D:7)
  3 centaurs
  A phantom (D:5)
  A kobold brigand (D:7)
  Blork the orc (D:5)
  A scorpion (D:5)
  3 orc priests
  A hound (D:5)
  3 iguanas
  3 orc wizards (D:7)
  3 gnolls (D:4)
  5 adders
  3 shadow imps (D:7)
  4 white imps
  An ufetubus (D:5)
  3 worms
  3 dart slugs
  19 orcs
  3 endoplasms
  5 giant cockroaches
  3 goblins (D:1)
  6 hobgoblins
  3 jackals (D:4)
  5 quokkas
  3 ball pythons
  8 bats
  3 frilled lizards
  8 kobolds
  5 rats
124 creatures vanquished.

Vanquished Creatures (others)
  20 fulminant prisms
20 creatures vanquished.

Grand Total: 144 creatures vanquished

Notes
Turn   | Place    | Note
-------+----------+-------------------------------------------
     0 | D:1      | RascalDebosk the Djinni Conjurer began the quest for the
                  | Orb.
     0 | D:1      | RascalDebosk set off with the following spells memorised:
                  | Magic Dart, Searing Ray, Dazzling Flash, Fulminant Prism,
                  | Iskenderun's Mystic Blast.
     0 | D:1      | Reached XP level 1. HP: 15/15 MP: 0/0
   129 | D:1      | Reached XP level 2. HP: 17/21 MP: 0/0
   800 | D:1      | Reached XP level 3. HP: 23/25 MP: 0/0
   800 | D:1      | Learned a level 1 spell: Apportation
  1662 | D:3      | Found a burning altar of Makhleb.
  1715 | D:3      | Found Kyarit's Distillery.
  1720 | D:3      | Bought a potion of mutation for 80 gold pieces
  1720 | D:3      | Bought a potion of curing for 30 gold pieces
  2037 | D:3      | Reached skill level 1 in Fighting
  2037 | D:3      | Reached XP level 4. HP: 25/32 MP: 0/0
  2498 | D:3      | Found a sacrificial altar of Ru.
  2503 | D:3      | Found an ornate altar of the Wu Jian Council.
  2503 | D:3      | Found a glowing silver altar of Zin.
  2516 | D:3      | Found an opulent altar of Gozag.
  2847 | D:3      | Reached skill level 2 in Fighting
  2847 | D:3      | Reached XP level 5. HP: 10/38 MP: 0/0
  2847 | D:3      | Learned a level 2 spell: Blink
  3496 | D:4      | Reached XP level 6. HP: 39/45 MP: 0/0
  3845 | D:4      | Reached skill level 3 in Fighting
  3948 | D:5      | Entered Level 5 of the Dungeon
  3981 | D:5      | Reached skill level 5 in Spellcasting
  3981 | D:5      | Noticed a black bear
  3992 | D:5      | Killed a black bear
  3993 | D:5      | Reached skill level 4 in Fighting
  3993 | D:5      | Reached XP level 7. HP: 18/52 MP: 0/0
  3993 | D:5      | Learned a level 2 spell: Momentum Strike
  4318 | D:5      | Reached skill level 1 in Short Blades
  4318 | D:5      | Reached skill level 1 in Evocations
  4832 | D:5      | Reached XP level 8. HP: 44/58 MP: 0/0
  4923 | D:5      | Reached skill level 5 in Fighting
  5020 | D:5      | Noticed Blork the orc
  5027 | D:5      | Killed Blork the orc
  5615 | D:6      | Found a runed translucent door.
  5617 | D:6      | Noticed browni3141's ghost (amateur OgDe)
  5652 | D:6      | Found a runed translucent door.
  5673 | D:6      | Found a staircase to the Ecumenical Temple.
  5748 | Temple   | Entered the Ecumenical Temple
  6433 | D:7      | Found a shimmering altar of Xom.
  6494 | D:7      | Reached skill level 6 in Fighting
  6494 | D:7      | Reached XP level 9. HP: 37/66 MP: 0/0
  6494 | D:7      | Learned a level 3 spell: Spider Form
  6974 | D:7      | Found a broken altar of Ashenzari.
  7283 | D:7      | Became a worshipper of Ashenzari the Shackled
  7617 | D:8      | Reached skill level 7 in Fighting
  7667 | D:8      | Noticed Maggie
  7688 | D:8      | Slain by Maggie

Illustrated notes

Levels and vault maps discovered:
D:1:      minmay_arrival_loop, layout_basic
D:2:      layout_basic
D:3:      minmay_diamond_boxcup, layout_loops_ring, bloody_makhleb,
          minmay_overflow_temple_star_hex, serial_co_window_serial,
          co_window_of_opportunity_a, co_window_paths_a, co_window_paths_a,
          co_window_paths_b, co_window_paths_a, co_window_corner_a,
          co_window_paths_a, co_window_corner_cb, co_window_corner_ca,
          co_window_2corner, co_window_of_opportunity_b, co_window_2corner,
          co_window_paths_c, glass_columns_a, cheibrodos_sewer_entry_bend,
          serial_shops, nicolae_shop_hallway_stairs
D:4:      layout_basic, minmay_misc_feat_square, corexii_leaking_fountain,
          grunt_decor_arrowhead, interstate_on_off
D:5:      layout_gridville, uniq_blork_the_orc
D:6:      layout_basic, minmay_temple_entry_purple_smoke, ebering_ghost_sewer_f,
          uniq_crazy_yiuf_cottage
D:7:      layout_rooms, mainiacjoe_overflow_24_doors, tgw_xom
D:8:      layout_basic, nzn_hepliaklqana_mist_gate, mainiacjoe_overflow_paths,
          hellmonk_lair_entry_icy, uniq_maggie
Temple:   jpeg_temple_clearing

Skill      XL: |  1  2  3  4  5  6  7  8  9 |
---------------+----------------------------+-----
Spellcasting   | 4 5 6 |  6.9
Fighting       | 1 2 4 6 7 |  7.2
Short Blades   | 1 2 3 |  3.6
Evocations     | 1 3 |  3.9
Dodging        | |  2.1
Stealth        | |  1.5

Action                     |  1- 3 |  4- 6 |  7- 9 || total
---------------------------+-------+-------+-------++-------
  Melee: Dagger            |    14 |       |     2 ||    16
   Cast: Magic Dart        |    65 |    65 |    60 ||   190
         Searing Ray       |     3 |     5 |    22 ||    30
         Dazzling Flash    |     3 |       |     1 ||     4
         Iskenderun's Myst |       |     9 |    27 ||    36
         Fulminant Prism   |       |     2 |    19 ||    21
         Momentum Strike   |       |       |     2 ||     2
    Use: Scroll            |       |       |    13 ||    13
         Potion            |       |       |     1 ||     1
   Stab: Invisible         |     1 |       |       ||     1
 Armour: Robe              |     1 |     1 |     4 ||     6
  Dodge: Dodged            |    18 |    14 |    21 ||    53
